Map: Nightshade LE

Players

TSGSolar (Solar)

  • Race: Zerg Zerg
  • League: Master
  • Spawn Location: 5:00

INnoVation - Winner!

  • Race: Terran Terran
  • League: Grandmaster
  • Spawn Location: 11:00

Event: Shopify TSL 5

VOD

Have the link to the VOD?

Description

Time

  • Played on: May 23, 2020, 8:08 a.m.
  • Length: 8:17

All games in this series

Show
View Real Time Build Order
Export as new Build Order

TSGSolar Zerg 

Build Orders: Hatch First, Muta Ling Bane 

Get SALT Encoding   

  12  0:01  Drone  
  13  0:12  Overlord  
  13  0:16  Drone  
  14  0:30  Drone x2  
  16  0:37  Drone  
  17  0:52  Hatchery  
  17  0:54  Drone  
  17  0:57  Drone  
  18  1:09  Extractor  
  17  1:13  Spawning Pool  
  17  1:17  Drone  
  17  1:21  Drone  
  18  1:30  Drone  
  19  1:41  Drone  
  20  2:01  Zergling x4  
  22  2:04  Queen x2, Zergling x2  
  27  2:11  Overlord  
  27  2:17  Drone  
  28  2:24  Hatchery  
  28  2:28  Metabolic Boost  
  27  2:33  Drone  
  28  2:37  Drone  
  28  2:38  Drone  
  28  2:40  Drone  
  30  2:50  Queen  
  32  2:53  Overlord  
  32  2:56  Drone  
  33  2:59  Drone  
  33  3:01  Drone  
  35  3:07  Drone  
  36  3:13  Drone x3  
  36  3:16  Drone  
  36  3:18  Drone  
  41  3:25  Queen, Overlord  
  43  3:28  Drone  
  44  3:37  Queen, Overlord  
  47  3:41  Drone  
  47  3:44  Zergling x4  
  47  3:48  Drone  
  50  3:51  Overlord  
  50  3:52  Drone  
  51  3:57  Drone  
  51  3:58  Drone x3  
  55  4:04  Zergling x4  
  55  4:05  Queen  
  55  4:09  Overlord  
  59  4:15  Drone x5  
  64  4:19  Overlord  
  63  4:26  Drone x2  
  63  4:27  Lair  
  63  4:28  Drone x2  
  63  4:30  Drone  
  68  4:33  Extractor  
  68  4:34  Extractor, Spore Crawler  
  68  4:35  Spore Crawler  
  68  4:37  Zergling x2  
  65  4:39  Zergling x4  
  65  4:42  Zergling x2  
  65  4:45  Drone, Spore Crawler  
  68  4:47  Drone  
  68  4:49  Drone x2  
  71  4:53  Overlord  
  71  4:56  Drone  
  71  4:57  Baneling Nest  
  71  4:58  Drone x2  
  73  5:00  Drone  
  73  5:02  Drone x2  
  73  5:04  Drone  
  73  5:06  Drone  
  73  5:07  Drone  
  79  5:11  Drone  
  79  5:12  Drone  
  79  5:14  Extractor  
  80  5:15  Drone  
  80  5:18  Overlord  
  80  5:19  Drone x2  
  83  5:22  Zergling x4  
  83  5:25  Drone, Overseer  
  86  5:31  Drone x3  
  86  5:32  Drone, Spire  
  86  5:33  Drone  
  90  5:38  Extractor  
  90  5:39  Extractor, Drone x2  
  90  5:41  Overlord, Centrifical Hooks  
  90  5:43  Drone  
  90  5:47  Drone  
  92  5:50  Evolution Chamber x2  
  92  5:51  Overlord  
  92  5:56  Drone, Zergling x2  
  92  5:57  Zergling x8  
  96  5:59  Zergling x2  
  96  6:00  Zergling x2  
  94  6:05  Drone x2  
  94  6:09  Drone  
  94  6:10  Drone x3  
  97  6:13  Overlord  
  97  6:15  Drone  
  97  6:21  Overlord  
  97  6:32  Drone  
  98  6:33  Drone x3  
  98  6:34  Drone x2  
  103  6:44  Mutalisk x3  
  103  6:45  Mutalisk x3  
  115  6:52  Mutalisk  
  116  6:54  Hatchery  
  116  6:55  Zergling x2  
  116  6:56  Overlord  
  117  7:01  Zergling x6  
  117  7:04  Baneling  
  117  7:05  Baneling x7  
  117  7:06  Baneling  
  119  7:09  Zergling x14  
  119  7:12  Overlord  
  126  7:16  Zergling x2  
  126  7:21  Zergling x2  
  126  7:23  Overlord  
  126  7:25  Baneling x3  
  126  7:28  Zergling x2  
  126  7:31  Baneling x6  
  126  7:33  Zergling x2, Baneling x2  
  126  7:34  Zergling x12  
  126  7:35  Overlord  
  133  7:38  Zergling x6  
  133  7:43  Overlord  
  136  7:48  Zergling x4  
Show
View Real Time Build Order
Export as new Build Order

INnoVation Terran - Winner!

Build Orders: Reaper Expand, Hellion Banshee 

Get SALT Encoding   

  12  0:00  SCV  
  13  0:12  SCV  
  14  0:17  Supply Depot  
  14  0:24  SCV  
  15  0:38  SCV  
  15  0:40  Barracks  
  15  0:42  Refinery  
  16  0:50  SCV  
  17  1:03  SCV  
  18  1:15  SCV  
  19  1:27  Orbital Command, Reaper  
  20  1:38  Command Center  
  20  1:49  Supply Depot  
  20  1:52  SCV  
  21  1:58  Marine  
  22  2:04  SCV  
  22  2:07  Factory  
  23  2:13  Refinery  
  23  2:16  SCV, Marine  
  25  2:29  SCV  
  26  2:35  Barracks Reactor  
  26  2:41  SCV  
  27  2:51  Orbital Command  
  27  2:53  SCV, Starport  
  28  3:05  SCV  
  29  3:14  Command Center  
  29  3:17  SCV x2  
  29  3:18  Hellion  
  33  3:22  Hellion  
  35  3:29  Starport Tech Lab  
  35  3:32  SCV x2  
  37  3:38  Supply Depot  
  37  3:41  Barracks Tech Lab  
  37  3:44  SCV x2  
  37  3:46  Cloaking Field, Banshee  
  42  3:54  Hellion x2  
  46  3:59  SCV x2  
  46  4:01  Stimpack  
  48  4:11  SCV x2  
  48  4:15  Hellion x2  
  54  4:21  Supply Depot  
  54  4:26  SCV x2  
  54  4:28  Orbital Command  
  54  4:29  Banshee  
  63  4:40  SCV x2  
  61  4:48  Marine  
  61  4:49  Barracks  
  61  4:52  SCV x2, Factory Reactor  
  64  4:53  Barracks  
  64  4:55  Supply Depot  
  64  5:00  Engineering Bay, Orbital Command  
  64  5:01  Engineering Bay  
  64  5:04  SCV x2  
  64  5:06  Marine  
  67  5:10  Refinery  
  67  5:11  Refinery  
  67  5:16  SCV x2  
  67  5:17  Supply Depot  
  69  5:22  Starport Reactor  
  69  5:24  Marine  
  69  5:28  SCV x3  
  71  5:30  Terran Infantry Armor Level 1, Terran Infantry Weapons Level 1  
  73  5:40  SCV x2  
  73  5:41  SCV  
  73  5:42  Barracks  
  76  5:43  Marine x2, Combat Shield  
  76  5:44  Siege Tank  
  76  5:45  Barracks  
  76  5:46  Marine  
  82  5:51  Supply Depot  
  82  5:54  Supply Depot  
  82  5:55  SCV x2  
  82  5:56  SCV  
  85  6:00  Marine  
  86  6:06  Marine x4  
  90  6:12  SCV x3  
  90  6:13  Medivac x2  
  90  6:15  Supply Depot  
  90  6:17  Siege Tank, Supply Depot  
  100  6:18  Marine  
  100  6:25  SCV x3, Marine x2  
  105  6:28  Marine x2  
  105  6:32  Barracks Reactor x2  
  108  6:34  Armory  
  106  6:40  SCV x3  
  106  6:42  Supply Depot  
  106  6:44  Marine x3  
  106  6:46  Marine x2  
  106  6:47  Refinery  
  113  6:48  Refinery  
  113  6:51  Siege Tank  
  113  6:52  Supply Depot  
  116  6:56  SCV x2  
  116  6:57  SCV  
  119  7:01  Medivac  
  119  7:02  Marine x3  
  119  7:04  Marine x2, Medivac  
  119  7:08  Marine, Supply Depot  
  128  7:09  Marine x3  
  132  7:17  SCV x3  
  132  7:20  Marine x3  
  132  7:22  Marine x2  
  139  7:26  Marine  
  139  7:29  Marine x3  
  147  7:30  Siege Tank  
  147  7:34  Missile Turret  
  147  7:37  Marine  
  147  7:38  Marine  
  149  7:48  Marine x3  
  149  7:52  Marine x2  
  149  7:55  Factory  
Tags
 
Add a new tag
Caveats
  • Supply blocks, unpowered buildings, or Contaminate may cause inaccurate times.
  • Supply counts are checked every 10 seconds.